 Dungeon Crawl Stone Soup version 0.27.1-3-gb3d3a73c9e (webtiles) character file.

Game seed: 8580929384338645928

7058 pkoi the Carver (level 10, -7/93 HPs)
             Began as a Minotaur Gladiator on Oct 8, 2021.
             Was a Believer of Dithmenos.
             Mangled by Snorg (16 damage)
             ... on level 10 of the Dungeon.
             The game lasted 00:12:19 (12406 turns).

pkoi the Carver (Minotaur Gladiator)               Turns: 12406, Time: 00:12:21

Health: -7/93      AC: 17    Str: 22    XL:     10   Next: 83%
Magic:  9/9        EV:  9    Int:  5    God:    Dithmenos [**....]
Gold:   413        SH:  0    Dex: 15    Spells: 9/9 levels left

rFire    . . .     SeeInvis .   a - +2 great sword (vorpal)
rCold    + . .     Faith    .   (shield currently unavailable)
rNeg     . . .     Spirit   .   i - +0 chain mail
rPois    .         Reflect  .   c - +1 hat
rElec    .         Harm     .   (no cloak)
rCorr    .         Rampage  .   f - +2 pair of gloves {Dex+3}
Will     .....                  r - +0 pair of boots
Stlth    ..........             (no amulet)
HPRegen  0.25/turn              o - ring of protection from cold
MPRegen  0.11/turn              (no ring)

@: mighty, wreathed by umbra
A: horns 2, retaliatory headbutt
a: Renounce Religion, Shadow Step


You were on level 10 of the Dungeon.
You worshipped Dithmenos.
Dithmenos was pleased with you.
You visited 2 branches of the dungeon, and saw 11 of its levels.

You collected 413 gold pieces.

Inventory:

Hand Weapons
 a - a +2 vorpal great sword (weapon)
 b - a +3 scimitar of flaming
 n - a +0 long sword
Missiles
 d - 5 throwing nets (quivered)
 k - 58 poisoned darts
 t - 17 boomerangs of dispersal
Armour
 c - a +1 hat (worn)
 f - a +2 pair of gloves of dexterity (worn)
 i - a +0 chain mail (worn)
 r - a +0 pair of boots (worn)
 F - a +0 leather armour
Jewellery
 h - an amulet of magic regeneration
 o - a ring of protection from cold (left hand)
 x - a ring of ice
Wands
 q - a wand of iceblast (16)
Scrolls
 e - 9 scrolls of identify
 g - 2 scrolls of amnesia {unknown}
 j - 2 scrolls of teleportation
 v - a scroll of enchant armour
 y - a scroll of fear
 B - a scroll of summoning {unknown}
 D - a scroll of magic mapping {unknown}
 H - a scroll of fog {unknown}
Potions
 l - a potion of brilliance {unknown}
 m - 2 potions of lignification {unknown}
 p - 2 potions of attraction {unknown}
 s - a potion of heal wounds {unknown}
 u - a potion of flight {unknown}
 w - a potion of magic {unknown}
 z - 2 potions of haste {unknown}
 A - a potion of berserk rage {unknown}
 E - a potion of degeneration {unknown}
 G - a potion of curing {unknown}


   Skills:
 + Level 10.2 Fighting
 * Level 14.0 Long Blades
 - Level 2.0 Throwing
 + Level 9.9 Armour
 - Level 3.2 Dodging


You had 9 spell levels left.
You didn't know any spells.
Your spell library contained the following spells:

 Spells                   Type           Power      Damage    Failure   Level
 Shock                    Conj/Air       0%         1d3       97%         1
 Summon Guardian Golem    Hex/Summ       0%         N/A       100%        3
 Swiftness                Air            0%         N/A       100%        3
 Airstrike                Air            0%         N/A       100%        4
 Orb of Destruction       Conj           0%         N/A       100%        7
 Spellforged Servitor     Conj/Summ      0%         N/A       100%        7


Dungeon Overview and Level Annotations

Branches:
Dungeon (10/15)            Temple (1/1) D:6
   Lair: D:8-11         Orc: D:9-12

Altars:
Ashenzari
Cheibriados
Dithmenos
Elyvilon
Kikubaaqudgha
Makhleb
Nemelex Xobeh
Okawaru
Qazlal
Ru
Sif Muna
Trog
Uskayaw
Vehumet
Wu Jian
Xom
Yredelemnul
Zin
The Shining One

Shops:
D:7 (   D:9 (

Annotations:
D:2 Sigmund
D:10 Snorg


Innate Abilities, Weirdness & Mutations

You have a pair of horns on your head.
You reflexively headbutt those who attack you in melee.


Message History

You kill the kobold!
Dithmenos accepts your kill.
k - 58 poisoned darts (gained 7)
Items here: (( )))))) ††.
Items here: (( )))))) ††.
Okay, then.
Unknown command.
You start resting.
HP restored.
You now have 413 gold pieces (gained 8).
Found a great mace.
Found a bloodstained altar of Trog.
Snorg the Insatiable comes into view.
Snorg shouts!
Snorg is nearby!
Snorg is nearby!
Snorg goes berserk!
You slice Snorg!!
Snorg is moderately wounded.
Snorg bites you but does no damage. Snorg claws you! Snorg claws you.
Snorg bites you! Snorg claws you. x2
You slash Snorg!
Snorg is moderately wounded.
Snorg barely misses you. Snorg claws you but does no damage. x2
You barely miss Snorg. You headbutt Snorg!
Snorg is moderately wounded.
Snorg bites you!!
* * * LOW HITPOINT WARNING * * *
Snorg claws you but does no damage. Snorg claws you.
* * * LOW HITPOINT WARNING * * *
Snorg barely misses you. Snorg claws you.
* * * LOW HITPOINT WARNING * * *
Snorg claws you but does no damage.
You feel very mighty all of a sudden. Snorg bites you!
* * * LOW HITPOINT WARNING * * *
Snorg claws you!
* * * LOW HITPOINT WARNING * * *
Snorg claws you!
You die...

≈≈≈.................#
........
≈≈≈≈≈##.####........#
#####... ≈≈≈≈≈
#.##..........# ####
≈≈≈≈≈ #.##..........#
≈≈ #. #..........#
#..........#
#....####### #....#
#...@# #...T# #....#
#.)..# .# #....# #..#
...#....##....##
................
............#._.
...........##


You could see Snorg (berserk).

Vanquished Creatures
  Harold (D:10)
  Erica (D:10)
  A deep elf pyromancer (D:7)
  A troll (D:9)
  A wyvern (D:9)
  12 yaks
  Grum (D:10)
  2 steam dragons
  An acid dragon (D:8)
  2 water moccasins
  2 orc warriors
  2 ogres
  3 centaurs
  3 wolves (D:10)
  A bullfrog (D:6)
  2 kobold brigands
  2 scorpions
  4 wights
  4 howler monkeys
  A hound (D:6)
  A bullfrog skeleton (D:7)
  10 orc priests
  6 iguanas
  4 orc wizards
  2 killer bee zombies
  A hound zombie (D:5)
  A hound skeleton (D:4)
  A howler monkey skeleton (D:6)
  7 adders
  5 white imps
  An ufetubus (D:7)
  A worm (D:9)
  The ghost of insectpublic the Skirmisher, a weakling HuBe of Trog (D:3)
  6 dart slugs
  30 orcs
  14 ball pythons
  6 endoplasms
  2 giant cockroaches
  12 goblins
  8 hobgoblins
  6 jackals
  20 kobolds
  4 quokkas
  3 bats
  5 frilled lizards
  5 rats
209 creatures vanquished.

Vanquished Creatures (others)
  9 plants (D:6)
9 creatures vanquished.

Grand Total: 218 creatures vanquished

Notes
Turn   | Place    | Note
-------+----------+-------------------------------------------
     0 | D:1      | pkoi the Minotaur Gladiator began the quest for the Orb.
     0 | D:1      | Reached XP level 1. HP: 18/18 MP: 0/0
   154 | D:1      | Reached skill level 4 in Long Blades
   186 | D:1      | Reached XP level 2. HP: 25/25 MP: 1/1
   419 | D:1      | Reached skill level 1 in Armour
   780 | D:1      | Reached XP level 3. HP: 28/31 MP: 2/2
   820 | D:1      | Found a faded altar of an unknown god.
  1400 | D:2      | Reached skill level 5 in Long Blades
  1400 | D:2      | Reached XP level 4. HP: 30/38 MP: 3/3
  1803 | D:2      | Noticed Sigmund
  2383 | D:2      | You fall into a shaft and drop 2 floors!
  2395 | D:4      | Reached XP level 5. HP: 19/46 MP: 4/4
  2583 | D:3      | Found a runed translucent door.
  2587 | D:3      | Noticed insectpublic's ghost (weakling HuBe)
  3576 | D:3      | Killed insectpublic's ghost
  3630 | D:4      | Identified a scroll of acquirement
  3630 | D:4      | Acquired a +2 pair of gloves of dexterity
  3838 | D:4      | Reached skill level 6 in Long Blades
  4245 | D:4      | Reached XP level 6. HP: 52/52 MP: 5/5
  5088 | D:5      | Entered Level 5 of the Dungeon
  5148 | D:5      | Noticed a yak
  5149 | D:5      | Noticed a yak
  5149 | D:5      | Noticed a yak
  5164 | D:5      | Noticed a yak
  5172 | D:4      | Killed a yak
  5173 | D:4      | Reached skill level 7 in Long Blades
  5438 | D:5      | Reached skill level 5 in Fighting
  5438 | D:5      | Reached XP level 7. HP: 61/61 MP: 6/6
  5754 | D:5      | Killed a yak
  5755 | D:5      | Reached skill level 8 in Long Blades
  6034 | D:6      | Reached skill level 5 in Armour
  6158 | D:6      | Reached XP level 8. HP: 69/70 MP: 7/7
  6178 | D:6      | Reached skill level 9 in Long Blades
  6630 | D:6      | Found a staircase to the Ecumenical Temple.
  6803 | Temple   | Entered the Ecumenical Temple
  6962 | Temple   | Became a worshipper of Dithmenos the Shadowed
  7860 | D:7      | Found Kewosi Uhodgh's Antique Weapon Emporium.
  7955 | D:7      | Found a sparkling altar of Nemelex Xobeh.
  7965 | D:7      | Reached skill level 10 in Long Blades
  8028 | D:7      | Noticed a deep elf pyromancer
  8035 | D:7      | Killed a deep elf pyromancer
  8036 | D:7      | Reached XP level 9. HP: 66/79 MP: 8/8
  8102 | D:7      | Found a shimmering altar of Xom.
  8110 | D:7      | Found a glowing golden altar of the Shining One.
  8117 | D:7      | Found a broken altar of Ashenzari.
  8125 | D:7      | Found a radiant altar of Vehumet.
  8132 | D:7      | Found a hide-covered altar of Uskayaw.
  8140 | D:7      | Found an iron altar of Okawaru.
  8145 | D:7      | Found a basalt altar of Yredelemnul.
  8832 | D:7      | Reached skill level 11 in Long Blades
  9729 | D:8      | Reached * piety under Dithmenos
  9749 | D:8      | Reached skill level 12 in Long Blades
 10046 | D:8      | Reached XP level 10. HP: 77/91 MP: 9/9
 10198 | D:9      | Found Luin's Antique Weapon Shop.
 11448 | D:9      | Found a snail-covered altar of Cheibriados.
 11547 | D:9      | Reached skill level 13 in Long Blades
 11728 | D:10     | Entered Level 10 of the Dungeon
 11730 | D:10     | Noticed Erica
 11758 | D:10     | Killed Erica
 11758 | D:10     | Reached ** piety under Dithmenos
 11944 | D:10     | Noticed Harold
 11971 | D:10     | Killed Harold
 11972 | D:10     | Reached skill level 10 in Fighting
 12247 | D:10     | Noticed Grum
 12253 | D:10     | Killed Grum
 12296 | D:10     | Reached skill level 14 in Long Blades
 12391 | D:10     | Found a bloodstained altar of Trog.
 12392 | D:10     | Noticed Snorg
 12406 | D:10     | Mangled by Snorg

Illustrated notes

Levels and vault maps discovered:
D:1:      co_arrival_random_square_maze, layout_loops_ring,
          dreamdust_ecumenical_altar_statues, nrook_mini_vaults,
          minmay_misc_feat_four_crosses, minmay_tetromino_l4
D:2:      layout_rooms, grunt_ministairs_4, kennysheep_small_spiral,
          minmay_tree_intersection, kennysheep_doodads,
          kennysheep_cluttered_room, uniq_sigmund
D:3:      layout_loops_corners, ebering_ghost_reflecting_pool
D:4:      layout_loops_corners
D:5:      layout_cave_pools, kennysheep_generic_room_4
D:6:      layout_basic, temple_doors_e, st_stairs_8, serial_bayou_lagoon_a,
          grunt_ministairs_14, minmay_unpleasant_kobolds
D:7:      layout_cave_pods, grunt_temple_overflow_octagram,
          nemelex_dance_club_becter, serial_shops, shop
D:8:      layout_gridville
D:9:      layout_rooms, cheibrodos_worm_habitat, serial_shops,
          nicolae_shop_waterfront, kennysheep_another_room
D:10:     layout_basic, trog_three_pillars_becter,
          nicolae_overflow_hidden_temple, mainiacjoe_overflow_alcove_4,
          erik_lair_island, serial_bayou_pond_a, chequers_serial_rivers_room_b,
          uniq_harold, uniq_grum, uniq_erica, uniq_snorg, uniq_joseph
Temple:   nicolae_temple_figure_zero

Skill      XL: |  1  2  3  4  5  6  7  8  9 10 |
---------------+-------------------------------+-----
Long Blades    | 4 5 6 7 8 10 12 14 | 14.0
Armour         | 1 2 3 4 5 7 8 9 |  9.9
Fighting       | 3 4 5 6 7 9 10 | 10.2
Throwing       | |  2.0
Dodging        | |  3.2

Action                   |  1- 3 |  4- 6 |  7- 9 | 10-12 || total
-------------------------+-------+-------+-------+-------++-------
Melee: Long sword        |    72 |   143 |   199 |    47 ||   461
       Headbutt          |    10 |    28 |    57 |    28 ||   123
       Great sword       |       |       |       |    58 ||    58
  Use: Scroll            |     4 |     3 |       |       ||     7
       Potion            |       |     1 |       |     1 ||     2
 Stab: Sleeping          |     1 |       |       |       ||     1
Armor: Leather armour    |     5 |       |       |       ||     5
       Chain mail        |    19 |    78 |    99 |    77 ||   273
Dodge: Dodged            |    36 |    69 |    78 |    49 ||   232
       Rpst.: Long sword |     9 |    11 |    18 |     5 ||    43
       Great sword       |       |       |       |     6 ||     6
